 Seeded DCSS version 0.28.0-49-g6dfe1f597d (webtiles) character file.

Game seed: 523019199727972820 (custom seed)

158 thiscave3701365 the Chopper (level 5, 0/46 HPs)
             Began as a Minotaur Berserker on May 12, 2022.
             Was a Follower of Trog.
             Slain by a phantom (1 damage)
             ... on level 4 of the Dungeon.
             The game lasted 00:01:12 (1798 turns).

thiscave3701365 the Chopper (Minotaur Berserker)    Turns: 1798, Time: 00:01:13

Health: 0/46       AC:  2    Str: 23    XL:     5   Next: 16%
Magic:  0/4        EV: 12    Int:  4    God:    Trog [*.....]
Gold:   78         SH:  0    Dex: 10    Spells: 4/4 levels left

rFire   . . .      SeeInvis .   a - +0 hand axe
rCold   . . .      Faith    .   (no shield)
rNeg    . . .      Spirit   +   b - +0 animal skin
rPois   .          Reflect  .   (helmet restricted)
rElec   .          Harm     .   (no cloak)
rCorr   .          Rampage  .   (no gloves)
Will    .....                   (no boots)
Stlth   +.........              k - amulet of guardian spirit
HPRegen 0.15/turn               (no ring)
MPRegen 0.09/turn               (no ring)

@: on berserk cooldown
A: horns 2, retaliatory headbutt
a: Renounce Religion, Berserk


You were on level 4 of the Dungeon.
You worshipped Trog.
Trog was aware of your devotion.
You visited 1 branch of the dungeon, and saw 3 of its levels.

You collected 78 gold pieces.

Inventory:

Hand Weapons
 a - a +0 hand axe (weapon)
Missiles
 j - 2 throwing nets
Armour
 b - a +0 animal skin (worn)
Jewellery
 h - an amulet of faith
 i - a ring of poison resistance
 k - an amulet of guardian spirit (around neck)
Scrolls
 c - 2 scrolls of fog {unknown}
 e - 3 scrolls of teleportation {unknown}
Potions
 d - a potion of curing {unknown}
 f - a potion of berserk rage {unknown}
 g - a potion of resistance {unknown}


   Skills:
 - Level 3.9 Fighting
 + Level 6.9 Axes
 - Level 2.5 Armour
 - Level 2.3 Dodging


You had 4 spell levels left.
You didn't know any spells.
Your spell library was empty.

Dungeon Overview and Level Annotations

Branches:
Dungeon (2/15)

Altars:


Innate Abilities, Weirdness & Mutations

You have a pair of horns on your head.
You reflexively headbutt those who attack you in melee.


Message History

The orc priest is moderately wounded.
The orc priest barely misses you.
The orc priest hits you with a +0 flail!
The endoplasm quivers.
You hit the orc priest. You headbutt the orc priest!
You kill the orc priest!
Trog accepts your kill.
You hit the phantom.
The endoplasm jiggles.
The phantom hits you. The phantom barely misses you. You furiously retaliate!
You headbutt the phantom.
You have reached level 5!
You closely miss the phantom. Your headbutt misses the phantom.
The phantom is moderately damaged.
You feel yourself speed up. The phantom hits you!
The phantom blinks!
You blink.
You miss the phantom.
The phantom is moderately damaged.
You hit the endoplasm. The phantom hits you.
* * * LOW HITPOINT WARNING * * *
The phantom blinks!
You blink.
You closely miss the phantom.
The phantom is moderately damaged.
The phantom hits you.
* * * LOW HITPOINT WARNING * * *
The phantom blinks!
You blink.
You barely miss the phantom. Your headbutt misses the phantom.
The phantom is moderately damaged.
The phantom hits you.
* * * LOW HITPOINT WARNING * * *
The phantom blinks!
You blink.
You hit the phantom. You headbutt the phantom.
The phantom is heavily damaged.
You hit the endoplasm. The phantom hits you.
* * * LOW HITPOINT WARNING * * *
The phantom blinks!
You blink.
You hit the phantom but do no damage.
The phantom is heavily damaged.
The phantom hits you.
You die...

....# #.#≈≈≈≈≈##
##### #...≈≈...# #
#.........
############......≈≈#
...............##≈≈##
....######.##### ##
###.# #.####### #####
# ##.##§#.W#......
#..>....@....#
#........#####
#.###.)#.# #. ##J#..#
#. #.§#..# .. #..#..#
## #))#... #..#..##
#..#


You could see a phantom and an endoplasm.

Vanquished Creatures
  A howler monkey (D:4)
  An orc priest (D:4)
  Ijyb (D:4)
  A gnoll (D:1)
  2 adders
  A worm (D:2)
  An orc (D:4)
  5 endoplasms
  2 giant cockroaches
  4 goblins
  2 hobgoblins
  2 quokkas (D:4)
  3 ball pythons
  4 bats
  A frilled lizard (D:1)
  2 kobolds
  3 rats (D:1)
36 creatures vanquished.

Notes
Turn   | Place    | Note
-------+----------+-------------------------------------------
     0 | D:1      | thiscave3701365 the Minotaur Berserker began the quest for
                  | the Orb.
     0 | D:1      | Reached XP level 1. HP: 19/19 MP: 0/0
   322 | D:1      | Reached skill level 4 in Axes
   400 | D:1      | Reached XP level 2. HP: 23/27 MP: 1/1
   733 | D:1      | Found a faded altar of an unknown god.
  1281 | D:2      | Reached skill level 5 in Axes
  1281 | D:2      | Reached XP level 3. HP: 21/33 MP: 2/2
  1592 | D:2      | You fall into a shaft and drop 2 floors!
  1757 | D:4      | Reached skill level 6 in Axes
  1757 | D:4      | Reached XP level 4. HP: 40/40 MP: 3/3
  1774 | D:4      | Noticed Ijyb
  1778 | D:4      | Killed Ijyb
  1783 | D:4      | Noticed a phantom
  1793 | D:4      | Reached XP level 5. HP: 21/46 MP: 4/4
  1797 | D:4      | HP: 1/46 [phantom (4)]
  1798 | D:4      | Slain by a phantom

Illustrated notes

Levels and vault maps discovered:
D:1:      minmay_arrival_floating_metal, layout_loops_corners,
          shapermc_ecumenical_altar_notcrosses, minivault_11
D:2:      layout_basic, basic_altar
D:4:      minmay_chambers_of_twos, layout_loops_cross,
          minmay_temple_entry_fiery, minmay_fractal_squares_5, uniq_ijyb

Skill      XL: |  1  2  3 |
---------------+----------+-----
Axes           | 4 5 6 |  6.9
Fighting       | |  3.9
Armour         | |  2.5
Dodging        | |  2.3

Action                   |  1- 3 |  4- 6 || total
-------------------------+-------+-------++-------
Melee: Hand axe          |    64 |    14 ||    78
       Headbutt          |     7 |     4 ||    11
       Punch             |     2 |       ||     2
Invok: Berserk           |     2 |       ||     2
 Stab: Sleeping          |     1 |       ||     1
Armor: Animal skin       |     5 |       ||     5
Dodge: Dodged            |    41 |     5 ||    46
